 Dungeon Crawl Stone Soup version 0.29-a0-824-gd827844252 (webtiles) character file.

Game seed: 5296924273935186161

2682 buhh the Ducker (level 9, -6/63 HPs)
             Began as an Octopode Transmuter on July 10, 2022.
             Was a Follower of Cheibriados.
             Shot with an arrow by a centaur (9 damage)
             ... on level 8 of the Dungeon.
             The game lasted 00:07:59 (7545 turns).

buhh the Ducker (Octopode Transmuter)               Turns: 7545, Time: 00:08:00

Health: -6/63      AC:  1    Str: 13    XL:     9   Next: 64%
Magic:  12/12      EV: 16    Int: 22    God:    Cheibriados [*.....]
Gold:   423        SH:  0    Dex: 15    Spells: 6/12 levels left

rFire   . . .      SeeInvis .   p - +6 short sword of Yeast {spect, rC+}
rCold   + + .      Faith    .   (no shield)
rNeg    . . .      Spirit   .   (helmet restricted)
rPois   .          Reflect  .   (no amulet)
rElec   .          Harm     .   m - ring of protection from cold
rCorr   .          Rampage  .   (no ring)
Will    .....                   (no ring)
Stlth   +++.......              (no ring)
HPRegen 0.20/turn               (no ring)
MPRegen 0.13/turn               (no ring)
                                (no ring)
                                (no ring)

@: hasted, quick
A: almost no armour, amphibious, 8 rings, camouflage 1, gelatinous body 1,
(nimble swimmer 1), tentacles
a: Renounce Religion, Bend Time


You were on level 8 of the Dungeon.
You worshipped Cheibriados.
Cheibriados was aware of your devotion.
You visited 2 branches of the dungeon, and saw 9 of its levels.

You collected 423 gold pieces.

Inventory:

Hand Weapons
 p - the +6 short sword of Yeast (weapon) {spect, rC+}
   (You found it on level 3 of the Dungeon)

   When its wielder attacks, the weapon's spirit leaps out and strikes again.
   The spirit shares a part of any damage it takes with its wielder.
   rC:        It protects you from cold.
Missiles
 v - 16 poisoned darts
 z - a throwing net
Magical Staves
 s - a staff of earth
 A - a staff of cold
Jewellery
 d - a ring of ice
 m - a ring of protection from cold (left tentacle)
 x - an amulet of reflection
Wands
 w - a wand of polymorph (5)
 E - a wand of flame (14)
Scrolls
 a - 5 scrolls of identify {!d}
 c - a scroll of teleportation {!d!d}
 f - a scroll of fog
 k - a scroll of silence {unknown}
 l - 2 scrolls of enchant weapon {unknown}
 q - a scroll of torment {unknown}
 r - a scroll of enchant armour {unknown}
 u - 2 scrolls of noise {unknown}
 B - a scroll of magic mapping {unknown}
 D - a scroll of immolation {unknown}
Potions
 b - 2 potions of brilliance {unknown}
 g - a potion of magic {unknown}
 h - 3 potions of heal wounds {unknown}
 i - 4 potions of curing {unknown}
 n - 3 potions of mutation {unknown}
 o - a potion of might {unknown}
 t - a potion of ambrosia {unknown}
 y - 4 potions of haste {!q}
 C - a potion of flight {unknown}


   Skills:
 + Level 6.3 Fighting
 + Level 6.3 Dodging
 - Level 2.0 Stealth
 + Level 6.3 Unarmed Combat
 - Level 2.0 Spellcasting
 + Level 5.4 Transmutations
 - Level 5.0 Ice Magic
 - Level 1.0 Poison Magic


You had 6 spell levels left.
You knew the following spells:

 Your Spells              Type           Power      Damage    Failure   Level
a - Beastly Appendage     Tmut           52%        N/A       1%          1
b - Wereblood             Tmut           26%        N/A       2%          2
c - Spider Form           Tmut/Pois      16%        N/A       11%         3

Your spell library contained the following spells:

 Spells                   Type           Power      Damage    Failure   Level
 Foxfire                  Conj/Fire      8%         2x1d4     14%         1
 Ice Form                 Ice/Tmut       25%        N/A       16%         4
 Ignite Poison            Fire/Tmut/Pois 11%        N/A       17%         3
 Static Discharge         Conj/Air       2%         3-4/arc   21%         2
 Mephitic Cloud           Conj/Pois/Air  3%         N/A       36%         3
 Conjure Flame            Conj/Fire      2%         6-21      38%         3
 Inner Flame              Hex/Fire       2%         N/A       38%         3
 Olgreb's Toxic Radiance  Pois           6%         N/A       65%         4
 Dispel Undead            Necr           2%         3d7       80%         4
 Flame Wave               Conj/Fire      2%         2d4       80%         4
 Sticky Flame             Conj/Fire      2%         2d3       80%         4
 Freezing Cloud           Conj/Ice/Air   4%         6-21      89%         5
 Ozocubu's Refrigeration  Ice            12%        4d7       100%        7
 Ignition                 Fire           1%         3d3       100%        8


Dungeon Overview and Level Annotations

Branches:
Dungeon (8/15) Zot: 40481  Temple (1/1) D:6 Zot: 8932
   Lair: D:8-11

Altars:
Ashenzari
Cheibriados
Dithmenos
Elyvilon
Fedhas
Gozag
Hepliaklqana
Kikubaaqudgha
Nemelex Xobeh
Qazlal
Sif Muna
Trog
Vehumet
Wu Jian
Yredelemnul
Zin

Shops:
D:1 [=

Annotations:
D:3 Sigmund
D:4 2 runed translucent doors, peter4's ghost, amateur MiGl
D:8 Grum; Psyche
Temple 2 transporters


Innate Abilities, Weirdness & Mutations

You cannot wear most types of armour.
You are amphibious.
You can wear up to eight rings at the same time.
Your skin changes colour to match your surroundings (Stealth+).
Your rubbery body absorbs attacks. (AC +1, EV +1)
((You are camouflaged when in or above water. (Stealth+)))
You have tentacles for arms and can constrict up to eight enemies at once.


Message History

The white imp laughs crazily.
Things that are here:
a +0 giant club; an ogre corpse
There is a stone staircase leading down here.
You climb downwards.
You hear the roar of battle.
There is an entrance to a bailey on this level.
Hurry and find it before the portal closes forever!
Found a wand of flame (16).
Found a stone staircase leading down.
There is a stone staircase leading up here.
A kobold comes into view.
It is wielding a +0 short sword. 2 goblins come into view.
Your transformation is almost over.
The goblin shouts! x2
Psyche shouts!
You see here a wand of flame (16).
Psyche gestures at you while chanting. You resist with some effort.
Your tentacle spike disappears.
Psyche gestures wildly while chanting.
A swirling arc of seething chaos appears!
The arc of chaos arcs out of your line of sight!
The arc of chaos suddenly appears!
You hear a shout! x2
Psyche miscasts a cantrip.
Really wriggle into that teleport trap?
You enter a teleport trap!
The teleport trap disappears.
Your surroundings suddenly seem different.
A wolf and a centaur come into view.
Found a stone staircase leading up.
Grum and a wolf come into view.
A wolf comes into view.
The centaur shouts!
The centaur wields a +0 shortbow.
The centaur shoots an arrow.
The arrow hits you!
* * * LOW HITPOINT WARNING * * *
As you read the scroll of fog, it crumbles to dust.
The scroll dissolves into smoke.
The wolf howls! x2
The centaur shoots an arrow.
The arrow hits you!
You die...

....... ###
.....
##..###....
##........##...
##........g..h..
#........# ...
#...#.§§###..##
# ##.§§§.hh...
#..§@§..##..
#..§§§#.#
.....§...#.#
.......... #
...........
c.....####..
#...## ... ##.#
#...


You could see 2 wolves and a centaur.

Vanquished Creatures
  A hornet (D:7)
  A water moccasin (D:7)
  A sky beast (D:4)
  An orc warrior (D:6)
  2 ice beasts
  A black bear (D:6)
  An ogre (D:7)
  A centaur (D:7)
  3 phantoms
  3 bullfrogs (D:7)
  4 scorpions
  A necrophage (D:6)
  A wight (D:7)
  2 howler monkeys (D:7)
  3 jellies
  5 hounds
  2 orc priests (D:6)
  2 gnoll boudas (D:7)
  Ijyb (D:2)
  7 iguanas
  3 orc wizards
  Robin (D:2)
  11 gnolls
  3 adders
  A shadow imp (D:7)
  5 white imps
  2 ufetubi
  A worm (D:3)
  4 dart slugs
  7 orcs
  6 bats
  3 endoplasms
  5 giant cockroaches
  12 hobgoblins
  2 kobolds
  4 quokkas
  7 ball pythons
  A frilled lizard (D:1)
  11 goblins
  4 rats
136 creatures vanquished.

Vanquished Creatures (others)
  A goblin (D:8)
1 creature vanquished.

Grand Total: 137 creatures vanquished

Notes
Turn   | Place    | Note
-------+----------+-------------------------------------------
     0 | D:1      | buhh the Octopode Transmuter began the quest for the Orb.
     0 | D:1      | Reached XP level 1. HP: 13/13 MP: 3/3
    82 | D:1      | Reached skill level 1 in Stealth
   313 | D:1      | Reached skill level 1 in Poison Magic
   313 | D:1      | Reached XP level 2. HP: 4/18 MP: 3/5
   555 | D:1      | Found a faded altar of an unknown god.
   764 | D:1      | Found Laumowko's Jewellery Shoppe.
   906 | D:1      | Found Omerebb's Antique Armour Emporium.
   966 | D:1      | Reached XP level 3. HP: 23/23 MP: 4/6
  1553 | D:2      | Noticed Robin
  1800 | D:3      | Found a broken altar of Ashenzari.
  1800 | D:3      | Identified the +6 short sword of Yeast {spect, rC+}
  1893 | D:3      | Noticed Ijyb
  2016 | D:2      | Killed Robin
  2017 | D:2      | Reached XP level 4. HP: 29/29 MP: 7/7
  3085 | D:3      | Noticed Sigmund
  3132 | D:3      | Found an ancient bone altar of Kikubaaqudgha.
  3316 | D:4      | Found a runed translucent door.
  3413 | D:4      | Reached XP level 5. HP: 35/35 MP: 6/8
  3490 | D:4      | Found a runed translucent door.
  3622 | D:4      | Noticed peter4's ghost (amateur MiGl)
  3634 | D:4      | Noticed a sky beast
  3647 | D:4      | Learned a level 2 spell: Wereblood
  3651 | D:4      | Learned a level 3 spell: Spider Form
  3730 | D:4      | Killed a sky beast
  3731 | D:4      | Reached XP level 6. HP: 33/42 MP: 7/9
  3928 | D:5      | Entered Level 5 of the Dungeon
  3978 | D:5      | Noticed an orc warrior
  4209 | D:2      | Killed Ijyb
  4498 | D:5      | Reached XP level 7. HP: 43/47 MP: 10/10
  4596 | D:5      | Reached skill level 5 in Unarmed Combat
  4682 | D:5      | Found a stormy altar of Qazlal.
  4943 | D:6      | Reached skill level 5 in Dodging
  5147 | D:6      | Reached XP level 8. HP: 46/54 MP: 9/11
  5239 | D:6      | Reached skill level 5 in Fighting
  5903 | D:6      | Found a staircase to the Ecumenical Temple.
  5913 | Temple   | Entered the Ecumenical Temple
  5913 | Temple   | Found a transporter.
  5913 | Temple   | Found a transporter.
  5915 | Temple   | Found a transporter.
  5915 | Temple   | Found a transporter.
  5941 | Temple   | Became a worshipper of Cheibriados the Contemplative
  6019 | D:6      | Reached skill level 1 in Ice Magic
  6372 | D:7      | Reached XP level 9. HP: 62/62 MP: 12/12
  6569 | D:7      | Reached * piety under Cheibriados
  6891 | D:7      | Found a shadowy altar of Dithmenos.
  6914 | D:7      | Reached skill level 5 in Transmutations
  7034 | D:7      | Reached skill level 5 in Ice Magic
  7459 | D:7      | Noticed a hornet
  7462 | D:7      | Noticed a troll
  7463 | D:7      | Killed a hornet
  7526 | D:8      | Noticed Psyche
  7541 | D:8      | Noticed Grum
  7544 | D:8      | HP: 3/63 [centaur/arrow (9)]
  7545 | D:8      | Shot with an arrow by a centaur

Illustrated notes

Levels and vault maps discovered:
D:1:      lemuel_arrival_behind_the_door_small, layout_basic, serial_shops,
          shop_coins, nicolae_shop_crystal, serial_glass, glass_columns_a,
          glass_columns_b, ebering_ecumenical_altar_sacrificial
D:2:      layout_loops_ring, uniq_robin
D:3:      layout_rooms, mainiacjoe_overflow_surrounded_room,
          nicolae_ashenzari_panopticon, uniq_ijyb, uniq_sigmund
D:4:      layout_cave_pools, ebering_ghost_sewer_f
D:5:      layout_rooms, mainiacjoe_overflow_alcove_1, nicolae_zen_rock_garden,
          chequers_serial_rivers_room_b, small_statue_intersection,
          st_stairs_10, minmay_between
D:6:      minmay_chambers_of_threes, layout_basic, lemuel_temple_firewalk_b
D:7:      layout_cave_pools, grunt_dithmenos_smoke, nzn_random_ring
D:8:      minmay_ornate_pinched, layout_cave_pools, enter_bailey_5, uniq_psyche,
          uniq_grum
Temple:   hellmonk_temple_divided_pantheon

Skill      XL: |  1  2  3  4  5  6  7  8  9 |
---------------+----------------------------+-----
Stealth        | 1 2 |  2.0
Poison Magic   | 1 |  1.0
Fighting       | 2 3 4 6 |  6.3
Dodging        | 3 4 5 6 |  6.3
Unarmed Combat | 4 5 6 |  6.3
Ice Magic      | 3 5 |  5.0
Transmutations | 3 5 |  5.4
Spellcasting   | |  2.0

Action                   |  1- 3 |  4- 6 |  7- 9 || total
-------------------------+-------+-------+-------++-------
Melee: Unarmed           |    75 |    27 |    44 ||   146
       Constrict         |    21 |    13 |    34 ||    68
       Tentacles         |    10 |     8 |    21 ||    39
       Kick              |    16 |     8 |    28 ||    52
       Punch             |     2 |     1 |     6 ||     9
       Short sword       |     9 |    51 |   101 ||   161
 Cast: Beastly Appendage |    25 |    13 |    22 ||    60
       Spider Form       |       |     1 |     4 ||     5
       Wereblood         |       |       |     3 ||     3
Evoke: Wand              |       |     1 |     1 ||     2
  Use: Potion            |     3 |       |     1 ||     4
       Scroll            |     5 |     1 |     5 ||    11
 Stab: Sleeping          |     9 |     3 |     2 ||    14
       Distracted        |       |       |     1 ||     1
Armor: Skin              |    30 |    23 |     5 ||    58
Dodge: Dodged            |    53 |    36 |   114 ||   203

Table legend: (Time is in decaauts)
 A = Elapsed time spent in this place.
 B = Non-inter-level travel time spent in this place.
 C = Inter-level travel time spent in this place.
 D = Time resting spent in this place.
 E = Time spent auto-exploring this place.
 F = Levels seen in this place.
 G = Mean time per level.
                   A        B        C        D        E       F      G
               +--------+--------+--------+--------+--------+-----+--------+
         Total |   7777 |   7537 |    240 |    862 |   5621 |   9 |  864.1 |
       Dungeon |   7724 |   7484 |    240 |    862 |   5615 |   8 |  965.5 |
        Temple |     53 |     53 |      0 |      0 |      6 |   1 |   53.0 |
               +--------+--------+--------+--------+--------+-----+--------+

Top non-repeatable levels by time:
     D:6: 1820 daAuts
     D:2: 1273 daAuts
     D:1: 1176 daAuts
     D:3: 1045 daAuts
     D:7: 1025 daAuts
     D:4: 922 daAuts
     D:5: 443 daAuts
  Temple: 53 daAuts
     D:8: 17 daAuts
